 Dungeon Sprint DCSS version 0.26-a0-649-gf8c6c3aab7 (webtiles) character file.

Game seed: 1990997728177082615

13154 sahdkjhfkaj the Cryomancer (level 12, 0/110 HPs)
             Began as a Barachi Ice Elementalist on Sept 26, 2020.
             Was the Champion of Sif Muna.
             Succumbed to an emperor scorpion's poison
             ... in the Dungeon (Sprint VII: "The Pits").
             The game lasted 00:06:51 (3370 turns).

sahdkjhfkaj the Cryomancer (BaIE)                   Turns: 3370, Time: 00:06:52

Health: 0/110      AC:  3    Str: 11    XL:     12   Next: 3%
Magic:  7/29       EV: 19    Int: 20    God:    Sif Muna [******]
Gold:   0          SH:  0    Dex: 12    Spells: 19/38 levels left

rFire    . . .     SeeInvis .   b - +2 quarterstaff
rCold    . . .     Faith    .   (shield currently unavailable)
rNeg     . . .     Spirit   .   a - +0 robe
rPois    .         Reflect  .   q - +0 helmet
rElec    .         Harm     .   (no cloak)
rCorr    .         Rampage  .   (no gloves)
MR       .....     NoTele   +   (no boots)
Stlth    ++........             (no amulet)
HPRegen  0.28/turn              (no ring)
MPRegen  0.21/turn              (no ring)

@: lethally poisoned (0 -> -39), no potions, can't hop, slow
A: +LOS, swims, slowness 1, strong legs 1
a: Hop, Channel Magic, Forget Spell, Divine Exegesis, Renounce Religion


You were in the Dungeon.
You worshipped Sif Muna.
Sif Muna was exalted by your worship.
You visited 1 branch

Inventory:

Hand Weapons
 b - a +2 quarterstaff (weapon)
Armour
 a - a +0 robe (worn)
 q - a +0 helmet (worn)
Jewellery
 n - a +3 ring of intelligence
 p - a +3 ring of dexterity
 x - an uncursed ring of protection from cold
 y - an uncursed ring of protection from fire
Wands
 z - a wand of acid (8)
Scrolls
 h - a scroll of blinking
 j - 4 scrolls of remove curse
 k - 5 scrolls of amnesia
 m - 2 scrolls of vulnerability
 r - 2 scrolls of enchant armour
 s - 3 scrolls of fear
 t - a scroll of identify
 v - 2 scrolls of enchant weapon
 A - 2 scrolls of immolation
Potions
 c - 9 potions of curing
 d - 11 potions of heal wounds
 e - 4 potions of haste
 f - 4 potions of magic
 g - 6 potions of berserk rage
 i - 2 potions of invisibility
 o - 2 potions of stabbing
 u - a potion of might
 w - a potion of brilliance


   Skills:
 - Level 15.6 Fighting
 - Level 12.2 Dodging
 - Level 1.7 Stealth
 - Level 13.6 Spellcasting
 - Level 21.2 Ice Magic
 + Level 4.3 Invocations


You had 19 spell levels left.
You knew the following spells:

 Your Spells              Type           Power        Failure   Level
a - Freeze                Ice            ####         0%          1
b - Frozen Ramparts       Ice            ######       0%          3
c - Vampiric Draining     Necr           ##........   14%         3
d - Freezing Cloud        Conj/Ice/Air   #####.....   38%         6
e - Ozocubu's Refrigerat  Ice            #######...   1%          6

Your spell library contained the following spells:

 Spells                   Type           Power        Failure   Level
 Ozocubu's Armour         Ice            #######.     0%          3
 Ensorcelled Hibernation  Hex/Ice        ######       1%          2
 Hailstorm                Conj/Ice       ######..     1%          4
 Ice Form                 Ice/Tmut       ######..     1%          4
 Summon Ice Beast         Ice/Summ       ######..     1%          4
 Metabolic Englaciation   Hex/Ice        ######....   1%          5
 Apportation              Tloc           ##....       4%          1
 Foxfire                  Conj/Fire      ##..         4%          1
 Corpse Rot               Necr/Air       N/A          8%          2
 Poisonous Vapours        Pois/Air       ##....       8%          2
 Slow                     Hex            ##......     8%          2
 Swiftness                Air            ##......     8%          2
 Simulacrum               Ice/Necr       ######....   10%         6
 Confusing Touch          Hex            ##......     14%         3
 Conjure Flame            Conj/Fire      ##......     14%         3
 Ignite Poison            Fire/Tmut/Pois ##......     14%         3
 Inner Flame              Hex/Fire       ##......     14%         3
 Lesser Beckoning         Tloc           ##........   14%         3
 Mephitic Cloud           Conj/Pois/Air  ##......     14%         3
 Portal Projectile        Hex/Tloc       ##....       14%         3
 Spider Form              Tmut/Pois      ##........   14%         3
 Static Discharge         Conj/Air       ##......     14%         3
 Stone Arrow              Conj/Erth      ##....       14%         3
 Teleport Other           Tloc           ##......     14%         3
 Airstrike                Air            ##........   43%         4
 Olgreb's Toxic Radiance  Pois           ##......     43%         4
 Passage of Golubria      Tloc           N/A          43%         4
 Petrify                  Tmut/Erth      ##......     43%         4
 Sticky Flame             Conj/Fire      ##......     43%         4
 Summon Lightning Spire   Summ/Air       ##......     43%         4
 Absolute Zero            Ice            #######...   61%         9
 Agony                    Necr           ##......     80%         5
 Bolt of Magma            Conj/Fire/Erth ##........   80%         5
 Fireball                 Conj/Fire      ##........   80%         5
 Lightning Bolt           Conj/Air       ##........   80%         5
 Silence                  Hex/Air        ##........   80%         5
 Summon Forest            Summ/Tloc      ##........   80%         5
 Conjure Ball Lightning   Conj/Air       ##........   100%        6
 Dispersal                Tloc           ##........   100%        6
 Eringya's Noxious Bog    Tmut/Pois      ##........   100%        6
 Hydra Form               Tmut           ##........   100%        6
 Invisibility             Hex            ##......     100%        6
 Iron Shot                Conj/Erth      ##........   100%        6
 Starburst                Conj/Fire      ##........   100%        6
 Dragon Form              Tmut           ##........   100%        7
 Chain Lightning          Conj/Air       ##........   100%        8
 Discord                  Hex            ##........   100%        8
 Disjunction              Tloc           ##........   100%        8
 Ignition                 Fire           ##........   100%        8
 Necromutation            Tmut/Necr      ##........   100%        8
 Fire Storm               Conj/Fire      ##........   100%        9


Dungeon Overview and Level Annotations

Branches:
Dungeon (1/1)

Altars:
Ashenzari
Cheibriados
Dithmenos
Elyvilon
Fedhas
Gozag
Hepliaklqana
Kikubaaqudgha
Makhleb
Nemelex Xobeh
Okawaru
Qazlal
Ru
Sif Muna
Trog
Uskayaw
Vehumet
Wu Jian
Xom
Yredelemnul
Zin
The Shining One
Beogh
Jiyva
Lugonu


Innate Abilities, Weirdness & Mutations

You can be seen from farther away. (+LOS)
You can swim through water.
You cover ground slowly.
You can hop short distances.


Message History

You feel very sick.
Press: ? - help, Dir - move target cursor Boing!
* * * LOW HITPOINT WARNING * * *
You feel very sick.
* * * LOW HITPOINT WARNING * * *
You feel extremely sick.
* * * LOW HITPOINT WARNING * * *
You feel very sick.
You see here a +0 dagger.
* * * LOW HITPOINT WARNING * * *
You feel very sick.
* * * LOW HITPOINT WARNING * * *
You feel very sick.
* * * LOW HITPOINT WARNING * * *
You feel very sick.
Your magical contamination has completely faded away.
Things that are here:
a +2 dagger of distortion; a +0 robe You die...

#++###############
#.................
#...).............
#..##############+
#).# #@.# #######
#..# ..##..# #..#
..##..# #..#
..''..# #..#
..'').##########..#
..##.))..)........#
..##.).)..).......#
###################


There were no monsters in sight!

Vanquished Creatures
  A great orb of eyes (D)
  An orc high priest (D)
  A shadow wraith (D)
  A sea snake (D)
  An unseen horror (D)
  A deep troll (D)
  A deep elf mage (D)
  2 manticores (D)
  A merfolk siren (D)
  A black mamba (D)
  An orange demon (D)
  Joseph (D)
  A gargoyle (D)
  A molten gargoyle (D)
  A kobold demonologist (D)
  2 komodo dragons (D)
  A hornet (D)
  A hippogriff (D)
  A ynoxinul (D)
  10 redbacks (D)
  A shadow (D)
  A tarantella (D)
  A yak (D)
  A fire bat (D)
  8 vampire mosquitoes (D)
  A soldier ant (D)
  2 wargs (D)
  4 insubstantial wisps (D)
  A floating eye (D)
  A black bear (D)
  3 orc warriors (D)
  A sky beast (D)
  A necrophage (D)
  5 centaurs (D)
  A bullfrog (D)
  A big kobold (D)
  A gnoll sergeant (D)
  A crimson imp (D)
  A jelly (D)
  An orc priest (D)
  An orc wizard (D)
  An adder (D)
  5 gnolls (D)
  An ufetubus (D)
  2 oozes (D)
  9 orcs (D)
  A bat skeleton (D)
  A giant cockroach (D)
  A goblin (D)
  A hobgoblin (D)
  A ball python (D)
  A bat (D)
  3 kobolds (D)
  A leopard gecko skeleton (D)
97 creatures vanquished.

Vanquished Creatures (collateral kills)
  An ice devil (D)
1 creature vanquished.

Grand Total: 98 creatures vanquished

Notes
Turn   | Place    | Note
-------+----------+-------------------------------------------
     0 | D        | sahdkjhfkaj the Barachi Ice Elementalist began the quest
                  | for the Orb.
     0 | D        | Reached XP level 1. HP: 13/13 MP: 3/3
    13 | D        | Reached skill level 5 in Ice Magic
    30 | D        | Found a bloodstained altar of Trog.
    30 | D        | Found a shimmering blue altar of Sif Muna.
    30 | D        | Found a viscous altar of Jiyva.
    30 | D        | Found a hazy altar of Hepliaklqana.
    30 | D        | Found an opulent altar of Gozag.
    31 | D        | Found a glowing golden altar of the Shining One.
    31 | D        | Found a glowing silver altar of Zin.
    31 | D        | Found a basalt altar of Yredelemnul.
    31 | D        | Found a shimmering altar of Xom.
    31 | D        | Found an ornate altar of the Wu Jian Council.
    31 | D        | Found a radiant altar of Vehumet.
    31 | D        | Found a sacrificial altar of Ru.
    31 | D        | Found a stormy altar of Qazlal.
    31 | D        | Found an iron altar of Okawaru.
    31 | D        | Found a sparkling altar of Nemelex Xobeh.
    31 | D        | Found a burning altar of Makhleb.
    31 | D        | Found a corrupted altar of Lugonu.
    31 | D        | Found a blossoming altar of Fedhas.
    31 | D        | Found a white marble altar of Elyvilon.
    31 | D        | Found a shadowy altar of Dithmenos.
    31 | D        | Found a snail-covered altar of Cheibriados.
    31 | D        | Found a roughly hewn altar of Beogh.
    32 | D        | Found a hide-covered altar of Uskayaw.
    32 | D        | Found an ancient bone altar of Kikubaaqudgha.
    32 | D        | Found a broken altar of Ashenzari.
    34 | D        | Became a worshipper of Sif Muna the Loreminder
    70 | D        | Reached skill level 1 in Fighting
    78 | D        | Reached skill level 6 in Ice Magic
    78 | D        | Reached XP level 2. HP: 8/23 MP: 0/6
   102 | D        | HP: 1/23 [poisoned by an adder]
   415 | D        | Reached * piety under Sif Muna
   448 | D        | Noticed a centaur
   455 | D        | Reached skill level 7 in Ice Magic
   455 | D        | Reached XP level 3. HP: 29/29 MP: 5/8
   459 | D        | Killed a centaur
   459 | D        | Reached ** piety under Sif Muna
   459 | D        | Reached skill level 5 in Fighting
   459 | D        | Reached skill level 5 in Spellcasting
   459 | D        | Reached skill level 9 in Ice Magic
   459 | D        | Reached XP level 4. HP: 10/39 MP: 1/11
   464 | D        | Learned a level 3 spell: Frozen Ramparts
   759 | D        | Noticed a centaur
   762 | D        | Noticed a centaur
   762 | D        | Noticed a floating eye
   763 | D        | Reached XP level 5. HP: 44/44 MP: 8/12
   764 | D        | Reached *** piety under Sif Muna
   765 | D        | Paralysed by a floating eye for 3 turns
   774 | D        | Reached skill level 10 in Ice Magic
   774 | D        | Paralysed by a floating eye for 2 turns
   775 | D        | Killed a floating eye
   775 | D        | Reached **** piety under Sif Muna
   775 | D        | Reached skill level 11 in Ice Magic
   775 | D        | Reached XP level 6. HP: 48/55 MP: 8/15
   778 | D        | Reached skill level 12 in Ice Magic
   780 | D        | Reached XP level 7. HP: 27/63 MP: 5/18
   972 | D        | Reached ***** piety under Sif Muna
  1075 | D        | Noticed a yak
  1080 | D        | Killed a yak
  1080 | D        | Identified Sif Muna's Papyrus of Sinister Ice (Sif Muna
                  | gifted it to you in the Dungeon)
  1080 | D        | Received a gift from Sif Muna
  1080 | D        | Reached skill level 13 in Ice Magic
  1104 | D        | Learned a level 6 spell: Ozocubu's Refrigeration
  1112 | D        | Reached skill level 14 in Ice Magic
  1216 | D        | Noticed a molten gargoyle
  1216 | D        | Noticed a manticore
  1218 | D        | Reached skill level 10 in Fighting
  1218 | D        | Reached XP level 8. HP: 65/72 MP: 7/20
  1218 | D        | Killed a molten gargoyle
  1218 | D        | Killed a manticore
  1218 | D        | Reached skill level 5 in Dodging
  1218 | D        | Reached skill level 15 in Ice Magic
  1456 | D        | Noticed a komodo dragon
  1457 | D        | Killed a komodo dragon
  1457 | D        | Identified Sif Muna's Disquisition on Enthralling Attacks
                  | (Sif Muna gifted it to you in the Dungeon)
  1457 | D        | Received a gift from Sif Muna
  1457 | D        | Reached XP level 9. HP: 81/81 MP: 15/22
  1458 | D        | Reached skill level 10 in Spellcasting
  1458 | D        | Reached skill level 16 in Ice Magic
  1536 | D        | Noticed Joseph
  1540 | D        | Killed Joseph
  1645 | D        | Noticed a kobold demonologist
  1647 | D        | Noticed a soul eater
  1647 | D        | Identified Sif Muna's Papyrus of Transformation and
                  | Enchantment (Sif Muna gifted it to you in the Dungeon)
  1647 | D        | Received a gift from Sif Muna
  1648 | D        | Noticed a hellwing
  1648 | D        | Killed a kobold demonologist
  1648 | D        | Reached skill level 17 in Ice Magic
  1719 | D        | Noticed a deep troll
  1721 | D        | Killed a deep troll
  1721 | D        | Reached XP level 10. HP: 91/91 MP: 11/25
  1882 | D        | Identified Sif Muna's Papyrus of the Compass and Ice (Sif
                  | Muna gifted it to you in the Dungeon)
  1882 | D        | Received a gift from Sif Muna
  1882 | D        | Reached skill level 18 in Ice Magic
  2186 | D        | Learned a level 3 spell: Vampiric Draining
  2204 | D        | Reached ****** piety under Sif Muna
  2300 | D        | Received a gift from Sif Muna
  2371 | D        | Noticed a manticore
  2371 | D        | Noticed a black mamba
  2373 | D        | Killed a manticore
  2373 | D        | Killed a black mamba
  2374 | D        | Killed a shadow wraith
  2374 | D        | Reached skill level 10 in Dodging
  2374 | D        | Reached skill level 19 in Ice Magic
  2381 | D        | Reached XP level 11. HP: 90/100 MP: 9/27
  2382 | D        | Identified Sif Muna's Grimoire of Flight and Ignition (Sif
                  | Muna gifted it to you in the Dungeon)
  2382 | D        | Received a gift from Sif Muna
  2391 | D        | Learned a level 6 spell: Freezing Cloud
  2515 | D        | Noticed a deep elf mage
  2515 | D        | Noticed a great orb of eyes
  2516 | D        | Noticed a sea snake
  2518 | D        | Identified Sif Muna's Handbook of Frigorific Envenoming
                  | (Sif Muna gifted it to you in the Dungeon)
  2518 | D        | Received a gift from Sif Muna
  2518 | D        | Reached skill level 20 in Ice Magic
  2518 | D        | Killed a deep elf mage
  2518 | D        | Identified Sif Muna's Volume of Feathers and Translocation
                  | (Sif Muna gifted it to you in the Dungeon)
  2518 | D        | Received a gift from Sif Muna
  2519 | D        | Killed a sea snake
  2519 | D        | Reached skill level 15 in Fighting
  2520 | D        | Killed a great orb of eyes
  2828 | D        | Noticed an orc high priest
  2832 | D        | Identified Sif Muna's Handbook of the Aerial Arsonist (Sif
                  | Muna gifted it to you in the Dungeon)
  2832 | D        | Received a gift from Sif Muna
  2834 | D        | Killed an orc high priest
  2834 | D        | Reached skill level 21 in Ice Magic
  2881 | D        | Identified Sif Muna's Handbook of Dusty Orientation (Sif
                  | Muna gifted it to you in the Dungeon)
  2881 | D        | Received a gift from Sif Muna
  2882 | D        | Killed an unseen horror
  2898 | D        | Reached skill level 1 in Invocations
  3156 | D        | Reached XP level 12. HP: 110/110 MP: 10/29
  3355 | D        | Noticed an emperor scorpion
  3369 | D        | HP: 3/110 [poisoned by an emperor scorpion]
  3370 | D        | Succumbed to an emperor scorpion's poison

Illustrated notes

Levels and vault maps discovered:
D:        pitsprint [storerooms_1, entrance_room_1, metal_vault_2, armoury_2,
          mini_pit_1, grid_room_1, main_hall_1, silver_pit, the_coven_3,
          the_vestibule_1, steel_vault_3, golden_pit, hallway_of_sentries,
          crystal_vault_1, iron_vault_4, final_vault]

Skill      XL: |  1  2  3  4  5  6  7  8  9 10 11 12 |
---------------+-------------------------------------+-----
Ice Magic      | 6 7 9 11 12 14 15 17 19 21 | 21.2
Fighting       | 2 3 5 7 8 10 11 12 14 15 | 15.6
Spellcasting   | 3 5 6 7 8 9 11 12 13 | 13.6
Dodging        | 5 8 10 12 | 12.2
Invocations    | 3 4 |  4.3
Stealth        | |  1.7

Action                   |  1- 3 |  4- 6 |  7- 9 | 10-12 || total
-------------------------+-------+-------+-------+-------++-------
Melee: Quarterstaff      |     4 |     5 |     2 |     9 ||    20
       Unarmed           |     1 |       |       |       ||     1
 Cast: Freeze            |    13 |     2 |     1 |       ||    16
       Frozen Ramparts   |       |     4 |     4 |     1 ||     9
       Ozocubu's Refrige |       |       |    12 |    32 ||    44
       Freezing Cloud    |       |       |       |     2 ||     2
Invok: Channel Magic     |       |       |       |     1 ||     1
 Abil: Hop               |       |       |     1 |     3 ||     4
  Use: Potion            |     2 |       |       |     1 ||     3
       Scroll            |       |       |       |     2 ||     2
Armor: Robe              |     2 |     6 |       |       ||     8
Dodge: Dodged            |    10 |     9 |     4 |    16 ||    39

Table legend: (Time is in decaauts)
 A = Elapsed time spent in this place.
 B = Non-inter-level travel time spent in this place.
 C = Inter-level travel time spent in this place.
 D = Time resting spent in this place.
 E = Time spent auto-exploring this place.
 F = Levels seen in this place.
 G = Mean time per level.
                   A        B        C        D        E       F      G
               +--------+--------+--------+--------+--------+-----+--------+
         Total |   3486 |   3374 |    112 |   2636 |     69 |   1 | 3486.0 |
       Dungeon |   3486 |   3374 |    112 |   2636 |     69 |   1 | 3486.0 |
               +--------+--------+--------+--------+--------+-----+--------+

Top non-repeatable levels by time:
       D: 3486 daAuts
